 Dungeon Crawl Stone Soup version 0.19.0-11-g3fc08b3 (webtiles) character file.

1497 MDvedh the Basher (level 8, -1/64 HPs)
             Began as a Minotaur Wanderer on Nov 9, 2016.
             Was a Believer of Okawaru.
             Slain by a wyvern (15 damage)
             ... on level 6 of the Dungeon.
             The game lasted 00:09:19 (5877 turns).

MDvedh the Basher (Minotaur Wanderer)               Turns: 5877, Time: 00:09:20

Health: -1/64      AC:  9    Str: 19    XL:     8   Next: 51%
Magic:  5/6        EV:  7    Int:  9    God:    Okawaru [**....]
Gold:   267        SH:  0    Dex: 12    Spells: 0 memorised, 7 levels left

rFire  . . .     SeeInvis .     x - +0 flail
rCold  . . .     Gourm    .     y - +0 chain mail
rNeg   . . .     Faith    .     (no shield)
rPois  +         Spirit   .     (helmet restricted)
rElec  .         Reflect  .     (no cloak)
rCorr  .         Harm     .     r - +0 pair of gloves
MR     +....                    (no boots)
Stlth  ..........               (no amulet)
                                C - ring of protection from magic
                                m - ring of poison resistance

@: about to teleport
A: retaliatory headbutt, horns 2, thin skeletal structure 1, low mp 1, wild
magic 1
a: Heroism, Renounce Religion


You were on level 6 of the Dungeon.
You worshipped Okawaru.
Okawaru was pleased with you.
You were not hungry.

You visited 2 branches of the dungeon, and saw 7 of its levels.

You collected 267 gold pieces.

Inventory:

Hand Weapons
 x - a +0 flail (weapon)
Armour
 r - a +0 pair of gloves (worn)
 y - a +0 chain mail (worn)
Jewellery
 e - an uncursed ring of protection from cold
 j - an uncursed amulet of faith
 m - a ring of poison resistance (left hand)
 C - a ring of protection from magic (right hand)
Wands
 d - a wand of enslavement (9/24)
 q - a wand of disintegration (8/24)
Scrolls
 c - 3 scrolls of teleportation
 f - 3 scrolls of fog
 i - a scroll of remove curse
 t - 4 scrolls of immolation
Potions
 a - a potion of berserk rage
 g - a potion of flight
 h - a potion of heal wounds
 o - a potion of agility
 p - 2 potions of lignification
 s - 4 potions of curing
 u - a potion of cancellation
 v - a potion of resistance
 z - a potion of invisibility {unknown}
Books
 b - a book of Changes

   Spells                             Type                      Level
   a - Beastly Appendage              Transmutation                1
   b - Sticks to Snakes               Transmutation                2
   c - Spider Form                    Transmutation/Poison         3
   d - Ice Form                       Ice/Transmutation            4
   e - Blade Hands                    Transmutation                5
Comestibles
 l - 4 meat rations
 w - 4 bread rations


   Skills:
 - Level 3.6 Fighting
   Level 2.4(8.4) Axes
 + Level 12.3(12.4) Maces & Flails
 - Level 1.2 Armour
 - Level 1.0 Stealth
   Level 1.2 Shields
 - Level 2.1 Unarmed Combat


You had 7 spell levels left.
You didn't know any spells.

Dungeon Overview and Level Annotations

Branches:
Dungeon (6/15)             Temple (1/1) D:4

Altars:
Cheibriados
Dithmenos
Fedhas
Gozag
Kikubaaqudgha
Nemelex Xobeh
Okawaru
Qazlal
Ru
Sif Muna
Trog
Uskayaw
Vehumet
Xom
Yredelemnul
Zin


Innate Abilities, Weirdness & Mutations

You reflexively headbutt those who attack you in melee.
You have a pair of horns on your head.
You have a somewhat thin skeletal structure. (Dex +2, Stealth)
Your magical capacity is low. (-10% MP)
Your spells are a little harder to cast, but a little more powerful.


Message History

You hit the wyvern but do no damage.
The wyvern is lightly wounded.
The wyvern bites you!
* * * LOW HITPOINT WARNING * * *
You are too injured to fight recklessly!
As you read the scroll of teleportation, it crumbles to dust.
You feel strangely unstable. The wyvern bites you.
* * * LOW HITPOINT WARNING * * *
The wyvern bites you!
* * * LOW HITPOINT WARNING * * *
Unknown command.
You feel much better. The wyvern closely misses you. You furiously retaliate!
You headbutt the wyvern.
Unknown command.
You sock the wyvern!
The wyvern is severely wounded.
The wyvern bites you!
* * * LOW HITPOINT WARNING * * *
The wyvern bites you!
You die...

#.........'....
#.........#....
#..##..<..#....
#####..##.....#....
#......+......#....
#......##.....#....
#......##.....#....
#......+......+....
#†@######.....#....
#l###..######'#####
#......##.....##...
#.......+..........
#.......#.....##..#
#.yy.'.......#.....##..#
#....#......#########...
#......#######.....##...
######.. #..........


You could see a wyvern.

Vanquished Creatures
  Prince Ribbit (D:6)
  An orc warrior (D:6)
  A necrophage (D:6)
  3 centaurs (D:5)
  4 bullfrogs (D:6)
  4 killer bees (D:6)
  2 hounds (D:4)
  An orc priest (D:6)
  A bullfrog zombie (D:5)
  2 bullfrog skeletons
  An iguana (D:4)
  Terence (D:2)
  Natasha (D:3)
  A killer bee zombie (D:4)
  5 adders
  2 oozes
  4 worms
  3 dart slugs
  2 leopard geckos
  4 orcs
  A ball python (D:5)
  11 bats
  3 giant cockroaches
  11 goblins
  12 hobgoblins
  4 jackals (D:3)
  9 kobolds
  5 quokkas
  7 frilled lizards
  A leopard gecko skeleton (D:4)
  6 rats
114 creatures vanquished.

Notes
Turn   | Place    | Note
-------+----------+-------------------------------------------
     0 | D:1      | MDvedh the Minotaur Wanderer began the quest for the Orb.
     0 | D:1      | MDvedh set off with: 2 potions of berserk rage, a +0 ring mail, a scroll of teleportation, a +0 club, a bread ration
     0 | D:1      | Reached XP level 1. HP: 19/19 MP: 0/0
    36 | D:1      | Reached skill level 1 in Maces & Flails
    70 | D:1      | Reached skill level 2 in Maces & Flails
    70 | D:1      | Reached XP level 2. HP: 19/26 MP: 1/1
   462 | D:1      | Reached skill level 3 in Maces & Flails
   517 | D:1      | Reached XP level 3. HP: 27/31 MP: 2/2
  1518 | D:2      | Found a faded altar of an unknown god.
  1540 | D:2      | Reached skill level 4 in Maces & Flails
  1678 | D:2      | Reached XP level 4. HP: 39/39 MP: 3/3
  1758 | D:2      | Noticed Terence
  1768 | D:2      | Killed Terence
  1768 | D:2      | Reached skill level 5 in Maces & Flails
  2449 | D:3      | Reached XP level 5. HP: 45/45 MP: 4/4
  2451 | D:3      | Noticed Natasha
  2463 | D:3      | Killed Natasha
  2463 | D:3      | Reached skill level 6 in Maces & Flails
  3057 | D:4      | Gained mutation: Your spells are a little harder to cast, but a little more powerful. [potion of mutation]
  3057 | D:4      | Gained mutation: You have a somewhat thin skeletal structure. (Dex +2, Stealth) [potion of mutation]
  3057 | D:4      | Gained mutation: Your magical capacity is low. (-10% MP) [potion of mutation]
  3421 | D:4      | Found a staircase to the Ecumenical Temple.
  3487 | Temple   | Entered the Ecumenical Temple
  3669 | Temple   | Became a worshipper of Warmaster Okawaru
  3757 | D:4      | Reached skill level 7 in Maces & Flails
  3784 | D:4      | Reached XP level 6. HP: 30/51 MP: 4/4
  4015 | D:4      | Found a shimmering altar of Xom.
  4019 | D:4      | Found a shimmering altar of Xom.
  4020 | D:4      | Found a shimmering altar of Xom.
  4020 | D:4      | Found a shimmering altar of Xom.
  4021 | D:4      | Found a shimmering altar of Xom.
  4021 | D:4      | Found a shimmering altar of Xom.
  4023 | D:4      | Found a shimmering altar of Xom.
  4025 | D:4      | Found a stormy altar of Qazlal.
  4469 | D:5      | Entered Level 5 of the Dungeon
  4730 | D:5      | Reached skill level 8 in Maces & Flails
  5010 | D:5      | Reached XP level 7. HP: 47/57 MP: 5/5
  5078 | D:5      | Found a bloodstained altar of Trog.
  5113 | D:5      | Reached skill level 9 in Maces & Flails
  5211 | D:5      | Reached * piety under Okawaru
  5351 | D:6      | Reached skill level 10 in Maces & Flails
  5408 | D:6      | Noticed Prince Ribbit
  5429 | D:6      | Killed Prince Ribbit
  5514 | D:6      | Reached XP level 8. HP: 58/64 MP: 6/6
  5535 | D:6      | Reached skill level 11 in Maces & Flails
  5866 | D:6      | Reached ** piety under Okawaru
  5866 | D:6      | Reached skill level 12 in Maces & Flails
  5877 | D:6      | Slain by a wyvern

Skill      XL: |  1  2  3  4  5  6  7  8 |
---------------+-------------------------+-----
Maces & Flails | 2 3 4 5 7 8 10 12 | 12.3
Fighting       | |  3.6
Axes           | |  2.4
Armour         | |  1.2
Stealth        | |  1.0
Shields        | |  1.2
Unarmed Combat | |  2.1

Action                   |  1- 3 |  4- 6 |  7- 9 || total
-------------------------+-------+-------+-------++-------
Melee: Club              |   139 |    16 |       ||   155
       Headbutt          |    26 |    19 |    16 ||    61
       Flail             |       |   127 |    97 ||   224
Invok: Heroism           |       |       |     3 ||     3
  Use: Potion            |       |     2 |     1 ||     3
       Scroll            |       |    13 |     6 ||    19
  Eat: Chunk             |     1 |     1 |     1 ||     3
       Bread ration      |     1 |       |       ||     1
       Meat ration       |       |     1 |     1 ||     2
       Beef jerky        |       |     1 |       ||     1
Armor: Ring mail         |    63 |     2 |       ||    65
       Chain mail        |       |    72 |    45 ||   117
Dodge: Dodged            |    79 |    64 |    39 ||   182
